 Dungeon Crawl Stone Soup version 0.31-a0-344-gd109795599 (webtiles) character file.

Game seed: 15722734516929859382

318 AdnanSaban the Covered (level 6, -4/38 HPs)
             Began as a Gargoyle Fighter on July 22, 2023.
             Splashed by a jelly's acid (9 damage)
             ... on level 4 of the Dungeon.
             The game lasted 00:03:07 (1764 turns).

AdnanSaban the Covered (Gargoyle Fighter)           Turns: 1764, Time: 00:03:08

Health: -4/38      AC: -1    Str: 28    XL:     6   Next: 45%
Magic:  6/6        EV: 10    Int:  8    God:
Gold:   182        SH:  4    Dex:  9    Spells: 5/5 levels left

rFire   . . .        a - +0 flail
rCold   . . .        c - +0 buckler
rNeg    + . .        b - +0 scale mail
rPois   ∞            i - +0 helmet
rElec   +            (no cloak)
rCorr   .            k - +0 pair of gloves
SInv    .            (no boots)
Will    .....        (no amulet) Stlth
                     j - +6 ring of strength
HPRegen 0.26/turn    (no ring)
MPRegen 0.10/turn

%: no passive effects
@: corroded
A: sickness immunity, AC +4, negative energy resistance 1, electricity
resistance, torment resistance 1, petrification resistance
a: no special abilities


You were on level 4 of the Dungeon.
You visited 1 branch of the dungeon, and saw 6 of its levels.

You collected 182 gold pieces.

Inventory:

Hand Weapons
 a - a +0 flail (weapon)
Missiles
 p - a throwing net
Armour
 b - a +0 scale mail (worn)
 c - a +0 buckler (worn)
 i - a +0 helmet (worn)
 k - a +0 pair of gloves (worn)
Jewellery
 j - a +6 ring of strength (left hand)
 s - a ring of wizardry
Scrolls
 e - a scroll of identify {unknown}
 h - 2 scrolls of enchant armour {unknown}
 n - a scroll of fear {unknown}
 o - a scroll of blinking {unknown}
 u - a scroll of teleportation {unknown}
Potions
 d - a potion of might
 f - a potion of lignification {unknown}
 g - a potion of cancellation {unknown}
 l - a potion of haste {unknown}
 m - 2 potions of heal wounds {unknown}
 q - a potion of attraction {unknown}
 r - 3 potions of curing {unknown}
 t - a potion of experience {unknown}


   Skills:
 + Level 4.2 Fighting
 + Level 4.4 Maces & Flails
 + Level 5.0 Armour
 + Level 1.0 Dodging
 + Level 3.8 Shields


You had 5 spell levels left.
You didn't know any spells.
Your spell library contained the following spells:

 Spells                   Type           Power      Damage    Failure   Level
 Freeze                   Ice            0%         1d3       71%         1
 Slow                     Hex            0%         N/A       71%         1
 Confusing Touch          Hex            0%         N/A       97%         3
 Frozen Ramparts          Ice            0%         1d1       97%         3
 Hailstorm                Conj/Ice       0%         3d3       97%         3
 Vampiric Draining        Necr           0%         2d6       97%         3


Dungeon Overview and Level Annotations

Branches:
Dungeon (6/15)
 Temple: D:4-7

Altars:


Innate Abilities, Weirdness & Mutations

You are immune to sickness and miasma.
Your stone body is resilient. (AC +4)
You are immune to poison.
You resist negative energy. (rN+)
You are resistant to electric shocks. (rElec)
You are resistant to unholy torment.
You are immune to petrification.


Message History

A ball python is nearby!
Found a war axe.
You hit the ball python.
You kill the ball python!
No target in view!
No target in view!
No target in view!
No target in view!
No target in view!
No target in view!
No target in view!
No target in view!
No target in view!
No target in view!
No target in view!
No target in view!
A jelly comes into view.
Found a copper wand.
The jelly quivers.
You see here a ball python corpse.
You barely miss the jelly. The jelly hits you but does no damage.
You hit the jelly. The acid corrodes you!
Your hands burn!
The jelly is moderately wounded.
The jelly hits you but does no damage. x2
You hit the jelly but do no damage.
Your hands burn!
The jelly is moderately wounded.
The jelly hits you but does no damage.
You hit the jelly. The acid corrodes you!
Your hands burn!
The jelly is heavily wounded.
The jelly barely misses you.
You hit the jelly but do no damage. The acid corrodes you!
Your hands burn!
The jelly is heavily wounded.
The jelly hits you. The acid corrodes you!
You are splashed with acid!
The jelly attacks as you move away! The jelly hits you. The acid corrodes you!
You are splashed with acid!
* * * LOW HITPOINT WARNING * * *
The jelly attacks as you move away! The jelly hits you.
* * * LOW HITPOINT WARNING * * *
You are splashed with acid!
You die...

. ####............. ..
.......#....#.... . ...##
##............ ..##....
#...†#..(..... ...
#..###.###......... ##
#.##...........#.#...#
...#....##...............
#..##....J.#########.....
#....>.@..# .....
..........# ...
#..##.......# ##..
#.......# ....##.......#
.............# #
.............#.# .#
...............# .#
.............###


You could see a jelly.

Vanquished Creatures
  Sigmund (D:2)
  A jelly (D:4)
  An orc priest (D:3)
  3 adders
  A white imp (D:6)
  2 dart slugs (D:1)
  4 orcs (D:3)
  5 endoplasms
  A giant cockroach (D:2)
  6 goblins
  5 hobgoblins
  7 jackals
  4 quokkas
  3 ball pythons
  6 bats
  2 frilled lizards
  7 kobolds
  4 rats
63 creatures vanquished.

Notes
Turn   | Place    | Note
-------+----------+-------------------------------------------
     0 | D:1      | AdnanSaban the Gargoyle Fighter began the quest for the
                  | Orb.
     0 | D:1      | Reached XP level 1. HP: 14/14 MP: 1/1
    74 | D:1      | Reached XP level 2. HP: 13/19 MP: 2/2
   380 | D:1      | Reached XP level 3. HP: 23/23 MP: 3/3
   851 | D:2      | Reached skill level 4 in Armour
   878 | D:2      | Noticed Sigmund
  1175 | D:2      | Reached XP level 4. HP: 29/29 MP: 4/4
  1271 | D:2      | Killed Sigmund
  1272 | D:2      | Reached XP level 5. HP: 31/33 MP: 5/5
  1334 | D:3      | Reached XP level 6. HP: 38/38 MP: 6/6
  1334 | D:3      | Found a faded altar of an unknown god.
  1598 | D:3      | You fall into a shaft and drop 3 floors!
  1677 | D:5      | Entered Level 5 of the Dungeon
  1714 | D:4      | Reached skill level 5 in Armour
  1714 | D:4      | Reached skill level 1 in Dodging
  1764 | D:4      | Splashed by a jelly's acid

Illustrated notes

Levels and vault maps discovered:
D:1:      scummos_arrival_gate, layout_loops_ring
D:2:      layout_rooms, uniq_sigmund
D:3:      layout_basic, shapermc_ecumenical_altar_acropolis
D:4:      cheibrodos_quashed, layout_rooms, minmay_misc_feat_cross, minivault_27
D:5:      layout_rooms, nicolae_qazlal_beasts_of_the_sky,
          kennysheep_generic_room_14, uniq_blork_the_orc
D:6:      layout_loops_corners

Skill      XL: |  1  2  3  4  5  6 |
---------------+-------------------+-----
Armour         | 4 5 |  5.0
Maces & Flails | 3 4 |  4.4
Fighting       | 4 |  4.2
Dodging        | 1 |  1.0
Shields        | |  3.8

Action                     |  1- 3 |  4- 6 || total
---------------------------+-------+-------++-------
  Melee: Flail             |   122 |    75 ||   197
 Armour: Scale mail        |   100 |    39 ||   139
  Dodge: Dodged            |   105 |    45 ||   150
  Block: Buckler           |    34 |    12 ||    46

Table legend: (Time is in decaauts)
 A = Elapsed time spent in this place.
 B = Non-inter-level travel time spent in this place.
 C = Inter-level travel time spent in this place.
 D = Time resting spent in this place.
 E = Time spent auto-exploring this place.
 F = Levels seen in this place.
 G = Mean time per level.
                   A        B        C        D        E       F      G
               +--------+--------+--------+--------+--------+-----+--------+
         Total |   1820 |   1773 |     47 |    141 |   1136 |   6 |  303.3 |
       Dungeon |   1820 |   1773 |     47 |    141 |   1136 |   6 |  303.3 |
               +--------+--------+--------+--------+--------+-----+--------+

Top non-repeatable levels by time:
     D:1: 762 daAuts
     D:3: 480 daAuts
     D:2: 409 daAuts
     D:4: 81 daAuts
     D:6: 80 daAuts
     D:5: 6 daAuts
